TOP OF THE 1ST |
Utah Utes batting - Pitching for Tennessee Volunteers : RHP Chris Jennings
|
Pitching: RHP Chris Jennings
|
|
Batting: RHB Todd Oliver
|
0-0: Called Strike 0-1: Ball 1-1: Ball 2-1: Swinging Strike 2-2: Strikes out swinging
|
Batting: RHB Hunter Plunket
|
0-0: Ball 1-0: Ball 2-0: Called Strike 2-1: Ball 3-1: Base on Balls
|
Batting: LHB Felipe Valino
|
0-0: Swinging Strike 0-1: Ball 1-1: Ball 2-1: Fly out, F8 (Flyball, 8LM)
|
Batting: LHB Max Hoskins
|
0-0: Ball 1-0: Ball 2-0: Fly out, F7 (Flyball, 78M)
|
Top of the 1st over - 0 run(s), 0 hit(s), 0 error(s), 1 left on base; Utah 0 - Tennessee 0 |
BOTTOM OF THE 1ST |
Tennessee Volunteers batting - Pitching for Utah Utes : RHP Carlos Sierra
|
Pitching: RHP Carlos Sierra
|
|
Batting: LHB Arnold Stewart
|
0-0: Ball 1-0: Foul Ball, location: 2F 1-1: Ground out U3 (Groundball, 3)
|
Batting: RHB Jesús Villegas
|
0-0: Called Strike 0-1: Ball 1-1: Ball 2-1: Ball 3-1: SINGLE (Flyball, 89M)
|
Batting: RHB Aaron Washington
|
0-0: Called Strike 0-1: Ball 1-1: Hit by Pitch Jesús Villegas to second
|
Batting: RHB Ken Sánchez
|
0-0: Ball 1-0: Ball 2-0: Called Strike 2-1: Ball 3-1: Foul Ball, location: 2F 3-2: Grounds into double play, 5-4-3 (Groundball, 56)
|
Bottom of the 1st over - 0 run(s), 1 hit(s), 0 error(s), 1 left on base; Utah 0 - Tennessee 0 |
TOP OF THE 2ND |
Utah Utes batting - Pitching for Tennessee Volunteers : RHP Chris Jennings
|
Batting: RHB Matt Vargas
|
0-0: Ball 1-0: Ball 2-0: Fly out, F7 (Flyball, 78M)
|
Batting: LHB William Butler
|
0-0: Ball 1-0: Called Strike 1-1: Foul Ball, location: 2F 1-2: Ball 2-2: Ground out 4-3 (Groundball, 34)
|
Batting: SHB George Wilder
|
0-0: SINGLE (Groundball, 56D)
|
Batting: SHB Lewis Woods
|
0-0: Ball 1-0: Foul Ball, location: 2F 1-1: Ball 2-1: Swinging Strike 2-2: Ball 3-2: Fly out, F8 (Flyball, 8LM)
|
Top of the 2nd over - 0 run(s), 1 hit(s), 0 error(s), 1 left on base; Utah 0 - Tennessee 0 |
BOTTOM OF THE 2ND |
Tennessee Volunteers batting - Pitching for Utah Utes : RHP Carlos Sierra
|
Batting: RHB Travis Colbert
|
0-0: Foul Ball, location: 2F 0-1: Foul Ball, location: 2F 0-2: Ball 1-2: Ball 2-2: Ball 3-2: Strikes out swinging
|
Batting: RHB Juan Corvarubia
|
0-0: Ball 1-0: Fly out, F9 (Flyball, 9M)
|
Batting: RHB Robert Stevens
|
0-0: Ball 1-0: Foul Ball, location: 2F 1-1: Called Strike 1-2: Ball 2-2: Fly out, F8 (Line Drive, 8LS)
|
Bottom of the 2nd over - 0 run(s), 0 hit(s), 0 error(s), 0 left on base; Utah 0 - Tennessee 0 |
TOP OF THE 3RD |
Utah Utes batting - Pitching for Tennessee Volunteers : RHP Chris Jennings
|
Batting: RHB Leon Heath
|
0-0: Called Strike 0-1: Ball 1-1: SINGLE (Groundball, 6MD)
|
Batting: RHB Todd Oliver
|
0-0: Foul Ball, location: 2F 0-1: Ball 1-1: Fielders Choice at 2nd, U6 (Groundball, 6M)
|
Batting: RHB Hunter Plunket
|
0-0: Foul Ball, location: 2F 0-1: Ball 1-1: Swinging Strike 1-2: Ball 2-2: SINGLE (Flyball, 8LS) Todd Oliver to second
|
Batting: LHB Felipe Valino
|
0-0: Grounds into double play, 4-6-3 (Groundball, 4)
|
Top of the 3rd over - 0 run(s), 2 hit(s), 0 error(s), 1 left on base; Utah 0 - Tennessee 0 |
BOTTOM OF THE 3RD |
Tennessee Volunteers batting - Pitching for Utah Utes : RHP Carlos Sierra
|
Batting: RHB Michael Sawyer
|
0-0: Called Strike 0-1: Swinging Strike 0-2: Fly out, F9 (Line Drive, 89M)
|
Batting: LHB Roberto Medina
|
0-0: Fly out, F7 (Flyball, 7S)
|
Batting: LHB Arnold Stewart
|
0-0: Ball 1-0: Ground out 1-3 (Groundball, 13S)
|
Bottom of the 3rd over - 0 run(s), 0 hit(s), 0 error(s), 0 left on base; Utah 0 - Tennessee 0 |
BOTTOM OF THE 4TH |
Tennessee Volunteers batting - Pitching for Utah Utes : RHP Carlos Sierra
|
Batting: RHB Jesús Villegas
|
0-0: Ball 1-0: Ball 2-0: Ball 3-0: Base on Balls
|
Batting: RHB Aaron Washington
|
0-0: Ball 1-0: Ball 2-0: Called Strike 2-1: Called Strike 2-2: Foul Ball, location: 2F 2-2: Ball 3-2: Foul Ball, location: 2F 3-2: Foul Ball, location: 2F 3-2: Foul Ball, location: 2F 3-2: Base on Balls Jesús Villegas to second
|
Batting: RHB Ken Sánchez
|
0-0: Called Strike 0-1: Ball 1-1: Foul Ball, location: 2F 1-2: Fielders Choice at 2nd, 3-6 (Groundball, 3) Jesús Villegas to third
|
Batting: RHB Travis Colbert
|
0-0: Ball 1-0: Ball 2-0: Called Strike 2-1: Grounds into double play, 5-4-3 (Groundball, 5)
|
Bottom of the 4th over - 0 run(s), 0 hit(s), 0 error(s), 1 left on base; Utah 2 - Tennessee 0 |
TOP OF THE 5TH |
Utah Utes batting - Pitching for Tennessee Volunteers : RHP Chris Jennings
|
Batting: RHB Hunter Plunket
|
0-0: Ball 1-0: Swinging Strike 1-1: Called Strike 1-2: Ball 2-2: Strikes out looking
|
Batting: LHB Felipe Valino
|
0-0: Ball 1-0: Ball 2-0: SINGLE (Groundball, 4MS)
|
Batting: LHB Max Hoskins
|
0-0: Called Strike 0-1: Swinging Strike 0-2: Ball 1-2: Ball 2-2: TRIPLE (Line Drive, 78D) Felipe Valino scores
|
Batting: RHB Matt Vargas
|
0-0: Hit by Pitch
|
Batting: LHB William Butler
|
0-0: Fly out, F7 (Line Drive, 7M) Runner from 3rd tags up, SCORES, throw made
|
Batting: SHB George Wilder
|
0-0: Called Strike 0-1: SINGLE (Line Drive, 56) Matt Vargas to second
|
Batting: SHB Lewis Woods
|
0-0: Called Strike 0-1: Foul Ball, location: 2F 0-2: Ball 1-2: Strikes out swinging
|
Top of the 5th over - 2 run(s), 3 hit(s), 0 error(s), 2 left on base; Utah 4 - Tennessee 0 |
BOTTOM OF THE 5TH |
Tennessee Volunteers batting - Pitching for Utah Utes : RHP Carlos Sierra
|
Batting: RHB Juan Corvarubia
|
0-0: Called Strike 0-1: Foul Ball, location: 2F 0-2: Ball 1-2: Foul Ball, location: 2F 1-2: Foul Ball, location: 2F 1-2: Ball 2-2: Ball 3-2: Base on Balls
|
Batting: RHB Robert Stevens
|
0-0: Ball 1-0: Fly out, F8 (Flyball, 8RM)
|
Batting: RHB Michael Sawyer
|
0-0: Called Strike 0-1: Ball 1-1: Ball 2-1: Ball 3-1: Fly out, F6 (Line Drive, 6)
|
Batting: LHB Roberto Medina
|
0-0: Ball 1-0: Swinging Strike 1-1: Called Strike 1-2: Strikes out looking
|
Bottom of the 5th over - 0 run(s), 0 hit(s), 0 error(s), 1 left on base; Utah 4 - Tennessee 0 |
TOP OF THE 6TH |
Utah Utes batting - Pitching for Tennessee Volunteers : RHP Chris Jennings
|
Pitching: LHP Josh Gibson
|
|
Batting: RHB Leon Heath
|
0-0: Swinging Strike 0-1: Swinging Strike 0-2: Foul Ball, location: 2F 0-2: Ball 1-2: Strikes out swinging, 2-3 out at first.
|
Batting: RHB Todd Oliver
|
0-0: Ball 1-0: Swinging Strike 1-1: Ground out 5-3 (Groundball, 5S)
|
Batting: RHB Hunter Plunket
|
0-0: Called Strike 0-1: Ground out 6-3 (Groundball, 6)
|
Top of the 6th over - 0 run(s), 0 hit(s), 0 error(s), 0 left on base; Utah 4 - Tennessee 0 |
BOTTOM OF THE 6TH |
Tennessee Volunteers batting - Pitching for Utah Utes : RHP Carlos Sierra
|
Batting: LHB Arnold Stewart
|
0-0: Ball 1-0: Ball 2-0: Ball 3-0: Called Strike 3-1: Base on Balls
|
Pitching: RHP Don William
|
|
Batting: RHB Jesús Villegas
|
0-0: Ball Arnold Stewart is caught stealing 2nd base 1-0: Called Strike 1-1: Called Strike 1-2: Ball 2-2: Strikes out looking
|
Batting: RHB Aaron Washington
|
0-0: Called Strike 0-1: SINGLE (Flyball, 7LM)
|
Batting: RHB Ken Sánchez
|
0-0: Called Strike Aaron Washington steals 2nd base 0-1: SINGLE (Flyball, 78S) Aaron Washington to third Runner from 3rd tries for Home, SAFE, no throw or cutoff
|
Batting: RHB Travis Colbert
|
Pickoff Throw to First - Error! E1 Ken Sánchez to second 0-0: Ball 1-0: Ball 2-0: Called Strike 2-1: Ground out 5-3 (Groundball, 56)
|
Bottom of the 6th over - 1 run(s), 2 hit(s), 1 error(s), 1 left on base; Utah 4 - Tennessee 1 |
TOP OF THE 7TH |
Utah Utes batting - Pitching for Tennessee Volunteers : LHP Josh Gibson
|
Batting: LHB Felipe Valino
|
0-0: Foul Ball, location: 2F 0-1: Foul Ball, location: 2F 0-2: Ball 1-2: Ball 2-2: Ball 3-2: Foul Ball, location: 2F 3-2: Foul Ball, location: 2F 3-2: Hit by Pitch
|
Batting: LHB Max Hoskins
|
0-0: Called Strike 0-1: Ball 1-1: Grounds into double play, 5-4-3 (Groundball, 56)
|
Batting: RHB Matt Vargas
|
0-0: Ball 1-0: Foul Ball, location: 2F 1-1: Ball 2-1: Foul Ball, location: 2F 2-2: Strikes out swinging
|
Top of the 7th over - 0 run(s), 0 hit(s), 0 error(s), 0 left on base; Utah 4 - Tennessee 1 |
BOTTOM OF THE 7TH |
Tennessee Volunteers batting - Pitching for Utah Utes : RHP Don William
|
Batting: RHB Juan Corvarubia
|
0-0: Ground out U3 (Groundball, 3)
|
Batting: RHB Robert Stevens
|
0-0: Ball 1-0: Ball 2-0: Ball 3-0: Base on Balls
|
Batting: RHB Michael Sawyer
|
0-0: Ball 1-0: Foul Ball, location: 2F 1-1: Called Strike 1-2: Grounds into double play, 5-4-3 (Groundball, 5)
|
Bottom of the 7th over - 0 run(s), 0 hit(s), 0 error(s), 0 left on base; Utah 4 - Tennessee 1 |
TOP OF THE 8TH |
Utah Utes batting - Pitching for Tennessee Volunteers : LHP Josh Gibson
|
Batting: LHB William Butler
|
0-0: Fly out, F6 (Popup, 6M)
|
Pitching: LHP Oliver Moreno
|
|
Batting: SHB George Wilder
|
0-0: Ball 1-0: Called Strike 1-1: Ball 2-1: Swinging Strike 2-2: Ball 3-2: Ground out 4-3 (Groundball, 4M)
|
Batting: SHB Lewis Woods
|
0-0: Ball 1-0: Foul Ball, location: 2F 1-1: Ball 2-1: Ball 3-1: Base on Balls
|
Batting: RHB Leon Heath
|
0-0: Ball 1-0: DOUBLE (Line Drive, 78M) Lewis Woods to third
|
Batting: RHB Todd Oliver
|
0-0: Ball 1-0: Foul Ball, location: 2F 1-1: Fly out, F3 (Popup, 3F)
|
Top of the 8th over - 0 run(s), 1 hit(s), 0 error(s), 2 left on base; Utah 4 - Tennessee 1 |
BOTTOM OF THE 8TH |
Tennessee Volunteers batting - Pitching for Utah Utes : RHP Don William
|
Pitching: RHP Joe King
|
|
Batting: LHB Roberto Medina
|
0-0: Called Strike 0-1: Called Strike 0-2: Strikes out swinging
|
Batting: LHB Arnold Stewart
|
0-0: Ball 1-0: Called Strike 1-1: Foul Ball, location: 2F 1-2: Ground out U3 (Groundball, 3)
|
Batting: RHB Jesús Villegas
|
0-0: Swinging Strike 0-1: Ball 1-1: SINGLE (Line Drive, 7S)
|
Batting: RHB Aaron Washington
|
0-0: Foul Ball, location: 2F 0-1: Ball 1-1: Ground out 1-3 (Groundball, 15)
|
Bottom of the 8th over - 0 run(s), 1 hit(s), 0 error(s), 1 left on base; Utah 4 - Tennessee 1 |
TOP OF THE 9TH |
Utah Utes batting - Pitching for Tennessee Volunteers : LHP Oliver Moreno
|
Pitching: RHP Lorenzo Mesquit
|
|
Batting: RHB Hunter Plunket
|
0-0: Fly out, F5 (Popup, 5SF)
|
Batting: LHB Felipe Valino
|
0-0: Called Strike 0-1: Ball 1-1: Ball 2-1: Swinging Strike 2-2: Strikes out looking
|
Batting: LHB Max Hoskins
|
0-0: Ball 1-0: SINGLE (Groundball, 6MD)
|
Batting: RHB Matt Vargas
|
0-0: SINGLE (Line Drive, 56D) Max Hoskins to second
|
Batting: LHB William Butler
|
0-0: Called Strike 0-1: Ball 1-1: Ball 2-1: Swinging Strike 2-2: Ball 3-2: Foul Ball, location: 2F 3-2: Strikes out swinging
|
Top of the 9th over - 0 run(s), 2 hit(s), 0 error(s), 2 left on base; Utah 4 - Tennessee 1 |
BOTTOM OF THE 9TH |
Tennessee Volunteers batting - Pitching for Utah Utes : RHP Joe King
|
Batting: RHB Ken Sánchez
|
0-0: Ball 1-0: Fly out, F6 (Popup, 6D)
|
Batting: RHB Travis Colbert
|
0-0: Ground out 4-3 (Groundball, 4)
|
Batting: RHB Juan Corvarubia
|
0-0: Ball 1-0: Called Strike 1-1: Fly out, F8 (Flyball, 8LM)
|
Bottom of the 9th over - 0 run(s), 0 hit(s), 0 error(s), 0 left on base; Utah 4 - Tennessee 1 |
|